 Dungeon Crawl Stone Soup version 0.30-a0-341-g682706514a (webtiles) character file.

Game seed: 12412887820389854262

852 funkygono the Firebug (level 7, -1/52 HPs)
             Began as a Grey Draconian Fire Elementalist on Nov 4, 2022.
             Was an Initiate of Vehumet.
             Slain by a sky beast (5 damage)
             ... on level 5 of the Dungeon.
             The game lasted 00:11:04 (5275 turns).

funkygono the Firebug (DrFE)                        Turns: 5275, Time: 00:11:05

Health: -1/52      AC: 14    Str: 10    XL:     7   Next: 69%
Magic:  1/14       EV: 12    Int: 18    God:    Vehumet [......]
Gold:   137        SH:  0    Dex: 11    Spells: 6/16 levels left

rFire   . . .      SeeInvis .    f - staff of earth
rCold   . . .      Faith    .    (no shield)
rNeg    . . .      Spirit   .    (body armour unavailable)
rPois   .          Reflect  .    (helmet restricted)
rElec   .          Harm     .    (no cloak)
rCorr   .          Rampage  +    (no gloves)
Will    .....                    q - +2 pair of boots {rampage}
Stlth   ++........               (no amulet)
HPRegen 0.28/turn                (no ring)
MPRegen 0.14/turn                (no ring)

@: no status effects
A: AC +11, amphibious, unfitting armour, cold-blooded
a: Renounce Religion


You were on level 5 of the Dungeon.
You worshipped Vehumet.
Vehumet was noncommittal.
You visited 2 branches of the dungeon, and saw 6 of its levels.

You collected 316 gold pieces.
You spent 179 gold pieces at shops.

Inventory:

Armour
 q - a +2 pair of boots of rampaging (worn)
Magical Staves
 f - a staff of earth (weapon)
Wands
 p - a wand of iceblast (12)
Scrolls
 b - 3 scrolls of fear {unknown}
 c - a scroll of silence {unknown}
 g - a scroll of noise {unknown}
 k - a scroll of butterflies {unknown}
 r - 2 scrolls of teleportation {unknown}
 s - a scroll of immolation {unknown}
Potions
 a - a potion of magic
 d - 2 potions of brilliance
 e - a potion of lignification
 h - a potion of resistance
 i - 2 potions of curing {unknown}
 j - a potion of heal wounds {unknown}
 l - a potion of haste {unknown}
 m - a potion of flight {unknown}
 n - a potion of mutation {unknown}
 o - 2 potions of might {unknown}


   Skills:
 + Level 1.2 Fighting
 + Level 2.2 Dodging
 + Level 2.3 Stealth
 + Level 5.2 Spellcasting
 + Level 3.5 Conjurations
 + Level 5.9 Fire Magic


You had 6 spell levels left.
You knew the following spells:

 Your Spells              Type           Power      Damage    Failure   Level
a - Foxfire               Conj/Fire      84%        2x1d8     1%          1
b - Scorch                Fire           52%        2d8       1%          2
c - Kindle Blastsparks    Fire/Tloc/Air  22%        2d11      17%         3
d - Flame Wave            Conj/Fire      21%        2d8       19%         4

Your spell library contained the following spells:

 Spells                   Type           Power      Damage    Failure   Level
 Magic Dart               Conj           68%        1d6       3%          1
 Kiss of Death            Conj/Necr      44%        2d8       6%          1
 Shock                    Conj/Air       44%        1d5       6%          1
 Inner Flame              Hex/Fire       15%        N/A       12%         3
 Slow                     Hex            16%        N/A       13%         1
 Confusing Touch          Hex            4%         N/A       36%         3
 Ozocubu's Armour         Ice            4%         N/A       36%         3
 Vampiric Draining        Necr           4%         2d6       36%         3
 Metabolic Englaciation   Hex/Ice        2%         N/A       98%         5
 Simulacrum               Ice/Necr       2%         N/A       100%        6


Dungeon Overview and Level Annotations

Branches:
Dungeon (5/15)             Temple (1/1) D:4

Altars:
Cheibriados
Dithmenos
Fedhas
Hepliaklqana
Kikubaaqudgha
Makhleb
Nemelex Xobeh
Qazlal
Ru
Uskayaw
Vehumet
Wu Jian
Yredelemnul
Zin
The Shining One

Shops:
D:2 [?([   D:4 [


Innate Abilities, Weirdness & Mutations

Your dull iron-grey scales are very hard. (AC +11)
You are amphibious.
You cannot fit into any form of body armour.
You are cold-blooded and may be slowed by cold attacks.


Message History

Casting: Foxfire (safe; 1% risk of failure)
Confirm with . or Enter, or press ? or * to list all spells.
You conjure some foxfire!
The foxfire hits something.
The foxfire hits the orc priest.
The orc priest is almost dead.
Something hits you but does no damage.
The orc priest hits you with a +0 hand axe.
The orc priest hits your foxfire with a +0 hand axe.
Casting: Foxfire (safe; 1% risk of failure)
Confirm with . or Enter, or press ? or * to list all spells.
You don't have enough magic to cast this spell.
Unknown command.
You closely miss the orc priest.
The orc priest is almost dead.
The foxfire hits the orc priest.
You kill the orc priest!
Vehumet accepts your kill.
The foxfire hits something.
Something hits you but does no damage.
Your Fighting skill increases to level 1!
You miss something. Something hits you but does no damage.
You hit something but do no damage.
Your tail-slap misses something.
Something hits you but does no damage.
A hound comes into view.
Something hits you but does no damage.
You miss something.
The hound barks!
Your tail-slap misses something.
Something hits you. Something shocks you.
* * * LOW HITPOINT WARNING * * *
Your magical contamination has completely faded away.
You miss something. You tail-slap something.
Something hits you but does no damage.
You miss something. Something hits you.
* * * LOW HITPOINT WARNING * * *
Something shocks you.
* * * LOW HITPOINT WARNING * * *
You hit something but do no damage.
Your tail-slap misses something.
Something hits you.
* * * LOW HITPOINT WARNING * * *
Something shocks you.
You die...

.....##### .#
#.....#.....##.######
.............#.$....>
......>.............
..................
..............#.#
............h{..#
.........)..)@########
....).?†.....).......##
......#...............#
##.....................
#..####...............
... #............... ##
#...............
..................
##.##............#


You could see a hound.

Vanquished Creatures
  Pargi (D:3)
  A scorpion (D:5)
  4 wights (D:4)
  2 hounds (D:5)
  2 orc priests
  4 iguanas
  2 orc wizards
  3 gnolls (D:4)
  7 adders
  2 dart slugs
  10 orcs
  8 ball pythons
  10 bats
  11 endoplasms
  3 giant cockroaches (D:2)
  7 goblins
  13 hobgoblins
  16 jackals
  6 quokkas
  3 frilled lizards
  8 kobolds
  4 rats
127 creatures vanquished.

Vanquished Creatures (collateral kills)
  A foxfire (D:4)
1 creature vanquished.

Vanquished Creatures (others)
  404 foxfires
  A plant (D:4)
405 creatures vanquished.

Grand Total: 533 creatures vanquished

Notes
Turn   | Place    | Note
-------+----------+-------------------------------------------
     0 | D:1      | funkygono the Draconian Fire Elementalist began the quest
                  | for the Orb.
     0 | D:1      | Reached XP level 1. HP: 14/14 MP: 3/3
   136 | D:1      | Reached XP level 2. HP: 20/20 MP: 1/5
   139 | D:1      | Learned a level 2 spell: Scorch
   725 | D:1      | Reached XP level 3. HP: 26/26 MP: 2/6
   734 | D:1      | Learned a level 3 spell: Kindle Blastsparks
  1296 | D:2      | Found Kecaegg's Weapon Shoppe.
  1511 | D:2      | Found Qong's Magic Scroll Emporium.
  1548 | D:2      | Bought a scroll of identify for 26 gold pieces
  1548 | D:2      | Bought a scroll of identify for 26 gold pieces
  1684 | D:2      | Found Zunumip's Antique Armour Emporium.
  1710 | D:2      | Reached XP level 4. HP: 33/33 MP: 5/8
  2047 | D:2      | Found Ymisyob's Antique Armour Boutique.
  2100 | D:2      | Got the Tome of Blasting
  2586 | D:3      | Reached XP level 5. HP: 39/39 MP: 6/10
  2591 | D:3      | Learned a level 4 spell: Flame Wave
  2676 | D:3      | Found a sparkling altar of Nemelex Xobeh.
  2822 | D:3      | Noticed Pargi
  2829 | D:3      | Killed Pargi
  2908 | D:3      | Reached XP level 6. HP: 46/46 MP: 6/11
  3809 | D:2      | Bought a pair of glowing boots for 127 gold pieces
  3879 | D:4      | Reached skill level 5 in Fire Magic
  4235 | D:4      | Your scales start taking on a dull iron-grey colour.
  4235 | D:4      | Reached XP level 7. HP: 20/51 MP: 10/13
  4362 | D:4      | Found a stormy altar of Qazlal.
  4573 | D:4      | Found Nivub's Antique Armour Shoppe.
  4783 | D:4      | Found a staircase to the Ecumenical Temple.
  4955 | Temple   | Entered the Ecumenical Temple
  4970 | Temple   | Became a worshipper of Vehumet
  5103 | D:5      | Entered Level 5 of the Dungeon
  5163 | D:5      | Reached skill level 5 in Spellcasting
  5270 | D:5      | Reached skill level 1 in Fighting
  5275 | D:5      | Slain by a sky beast

Illustrated notes

Levels and vault maps discovered:
D:1:      minmay_arrival_jagged, layout_rooms
D:2:      layout_rooms, serial_shops, nicolae_diamond_shop, nicolae_shop_stone,
          nicolae_shop_crystal, nicolae_shop_bloodbath_and_beyond
D:3:      layout_loops_ring, nemelex_spade_bored_becter, minivault_24,
          grunt_ministairs_12, minmay_misc_feat_four_crosses, uniq_pargi
D:4:      layout_cave_pools, mainiacjoe_overflow_catwalk,
          minmay_temple_entry_ruins, serial_shops, nicolae_shop_hallway_stairs,
          serial_column_ruins, column_ruins_open_medium,
          column_ruins_open_tiny_water, column_ruins_open_tiny,
          serial_bayou_pond_c
D:5:      layout_rooms, minmay_chambers_of_fives
Temple:   nicolae_temple_god_jail

Skill      XL: |  1  2  3  4  5  6  7 |
---------------+----------------------+-----
Stealth        | 2 |  2.3
Spellcasting   | 3 4 5 |  5.2
Fire Magic     | 4 5 |  5.9
Conjurations   | 2 3 |  3.5
Dodging        | 2 |  2.2
Fighting       | 1 |  1.2

Action                   |  1- 3 |  4- 6 |  7- 9 || total
-------------------------+-------+-------+-------++-------
Melee: Unarmed           |     9 |       |       ||     9
       Tailslap          |     1 |       |     1 ||     2
       Staff             |     3 |     7 |     7 ||    17
 Cast: Foxfire           |    69 |   122 |    38 ||   229
       Scorch            |    10 |    22 |     9 ||    41
       Flame Wave        |       |       |     1 ||     1
  Use: Scroll            |       |     3 |       ||     3
       Potion            |       |     1 |       ||     1
Armor: Skin              |    14 |    27 |    15 ||    56
Dodge: Dodged            |    23 |    47 |     4 ||    74

Table legend: (Time is in decaauts)
 A = Elapsed time spent in this place.
 B = Non-inter-level travel time spent in this place.
 C = Inter-level travel time spent in this place.
 D = Time resting spent in this place.
 E = Time spent auto-exploring this place.
 F = Levels seen in this place.
 G = Mean time per level.
                   A        B        C        D        E       F      G
               +--------+--------+--------+--------+--------+-----+--------+
         Total |   5279 |   5120 |    159 |     81 |   4196 |   6 |  879.8 |
       Dungeon |   5201 |   5056 |    145 |     81 |   4149 |   5 | 1040.2 |
        Temple |     78 |     64 |     14 |      0 |     47 |   1 |   78.0 |
               +--------+--------+--------+--------+--------+-----+--------+

Top non-repeatable levels by time:
     D:3: 1445 daAuts
     D:4: 1266 daAuts
     D:1: 1240 daAuts
     D:2: 1158 daAuts
     D:5: 90 daAuts
  Temple: 78 daAuts
